 Dungeon Crawl Stone Soup version 0.30.0-29-ga12c61a403 (webtiles) character file.

Game seed: 17670813886661350839

249 qw the Chopper (level 6, -5/38 HPs)
             Began as a Gargoyle Fighter on June 3, 2023.
             Slain by a gnoll
             ... wielding a +0 flail
              (6 damage)
             ... on level 4 of the Dungeon.
             The game lasted 00:01:22 (2987 turns).

qw the Chopper (Gargoyle Fighter)                   Turns: 2987, Time: 00:01:23

Health: -5/38      AC: 21    Str: 22    XL:     6   Next: 12%
Magic:  6/6        EV:  4    Int:  8    God:
Gold:   276        SH:  0    Dex:  7    Spells: 5/5 levels left

rFire   . . .        Y - +0 war axe (heavy)
rCold   . . .        c - +0 buckler
rNeg    + . .        q - +0 chain mail
rPois   inf          (no helmet)
rElec   +            f - +0 cloak
rCorr   .            i - +0 pair of gloves
SInv    .            k - +0 pair of boots
Will    .....        (no amulet) Stlth
                     o - +4 ring of protection
HPRegen 0.26/turn    (no ring)
MPRegen 0.10/turn

%: no passive effects
@: held
A: sickness immunity, AC +4, negative energy resistance 1, electricity
resistance, torment resistance 1, petrification resistance, claws 1, clumsy 1,
subdued magic 1
a: no special abilities


You were on level 4 of the Dungeon.
You visited 1 branch of the dungeon, and saw 4 of its levels.

You collected 276 gold pieces.


Innate Abilities, Weirdness & Mutations

You are immune to sickness and miasma.
Your stone body is resilient. (AC +4)
You are immune to poison.
You resist negative energy. (rN+)
You are resistant to electric shocks. (rElec)
You are resistant to unholy torment.
You are immune to petrification.
You have sharp fingernails.
You are clumsy. (Dex -2)
Your spells are a little easier to cast, but a little less powerful.


   Skills:
 - Level 4.2 Fighting
 + Level 5.2 Axes
 - Level 3.2 Armour
 - Level 3.2 Shields


You had 5 spell levels left.
You didn't know any spells.
Your spell library was empty.

Inventory:

Hand Weapons
 b - a +0 mace
 Y - a +0 heavy war axe (weapon)
Armour
 c - a +0 buckler (worn)
 f - a +0 cloak (worn)
 i - a +0 pair of gloves (worn)
 k - a +0 pair of boots (worn)
 m - a +1 hat
 n - a +0 helmet
 q - a +0 chain mail (worn)
Jewellery
 o - a +4 ring of protection (left hand)
Scrolls
 e - 2 scrolls of identify
 g - a scroll of poison {unknown}
 p - a scroll of acquirement {unknown}
Potions
 a - a potion of brilliance {unknown}
 d - a potion of might
 h - a potion of lignification {unknown}
 j - a potion of attraction
 l - a potion of curing {unknown}

Dungeon Overview and Level Annotations

Branches:
Dungeon (4/15)
 Temple: D:4-7

Altars:

Shops:
D:1 *

Annotations:
D:2 1 runed translucent door, Crazy Yiuf


Message History

Enter note:
Enter note: 2 gnolls come into view.
The gnoll shouts! x3
Enter note:
Enter note:
Enter note:
Enter note:
Enter note:
Enter note:
Enter note:
Enter note: The gnoll throws a throwing net.
The throwing net hits you.
You become entangled in the net!
You see here a throwing net.
Enter note:
Enter note:
Enter note:
Enter note: The gnoll hits you with a +0 flail.
The gnoll hits you with a +0 flail. x2
The gnoll hits you but does no damage. The gnoll hits you but does no damage.
The gnoll barely misses you.
The gnoll hits you but does no damage. x2
The gnoll hits you but does no damage. x4
The gnoll hits you but does no damage. x4
The gnoll hits you but does no damage. x2; The gnoll hits you with a +0 club.
The gnoll hits you with a +0 flail! The gnoll barely misses you.
The gnoll hits you but does no damage. x3
The gnoll hits you but does no damage. x2; The gnoll barely misses you.
The gnoll hits you but does no damage. The gnoll hits you with a +0 flail!
The gnoll hits you but does no damage. The gnoll hits you with a +0 whip.
The gnoll hits you but does no damage.
2986 ||| UPGRADING to +1 hat.
The gnoll hits you with a +0 flail.
Keep equipping yourself?
The gnoll hits you but does no damage. x2; The gnoll hits you with a +0 club.
You start putting on your armour.
You continue putting on your +1 hat.
The gnoll hits you with a +0 flail.
You die...

###.###
#.#...........##.
###.#
###...>.........#
....#
#........#.##.....
#####
#.##.##.....#..###.
# ... #!.#..#....
#..#.##........##
#...........###
#.#.###gg......
#.>....@g......
###.####g......
....... .......
....... .......
.....## ####.#


You could see 4 gnolls.

Vanquished Creatures
  A scorpion (D:4)
  A jelly (D:4)
  Jessica (D:2)
  An iguana (D:4)
  4 adders
  A worm (D:2)
  4 dart slugs
  6 orcs (D:4)
  9 ball pythons
  3 bats
  3 endoplasms
  3 giant cockroaches (D:1)
  3 goblins
  6 hobgoblins
  4 kobolds
  2 quokkas
  9 frilled lizards
  3 rats
64 creatures vanquished.

Notes
Turn   | Place    | Note
-------+----------+-------------------------------------------
     0 | D:1      | qw the Gargoyle Fighter began the quest for the Orb.
     0 | D:1      | Reached XP level 1. HP: 14/14 MP: 1/1
     0 | D:1      | 0 ||| qw: Version: 0.2-a-103-g5a998e5
     0 | D:1      | 0 ||| qw: Game counter: 1046
     0 | D:1      | 0 ||| qw: Always use a shield: true
     0 | D:1      | 0 ||| qw: God list: Okawaru
     0 | D:1      | 0 ||| qw: Allow faded altars: false
     0 | D:1      | 0 ||| qw: Do Orc after D:15 true
     0 | D:1      | 0 ||| qw: Do second Lair branch before Depths: true
     0 | D:1      | 0 ||| qw: Lair rune preference: random
     0 | D:1      | 0 ||| qw: Plans: Normal, Zot:1-4, Slime:5, God:TSO, Crypt,
                  | Tomb, Pan, Hells, Abyss, Win
     0 | D:1      | 0 ||| PLANNING D:1-11
    65 | D:1      | Found Giassog's General Store.
    75 | D:1      | 75 ||| SHOPLISTING potion of mutation (104 gold, have 19).
    75 | D:1      | 75 ||| SHOPLISTING potion of resistance (130 gold, have
                  | 19).
    82 | D:1      | Reached skill level 2 in Axes
   151 | D:1      | Reached XP level 2. HP: 10/19 MP: 2/2
   518 | D:1      | 518 ||| Stepping ~*~*~tactically~*~*~ (hiding).
   637 | D:1      | Reached skill level 3 in Axes
   927 | D:1      | 927 ||| UPGRADING to +0 cloak.
   932 | D:1      | 932 ||| UPGRADING to +0 pair of gloves.
   937 | D:1      | 937 ||| UPGRADING to +0 pair of boots.
   942 | D:1      | 942 ||| READING scroll labelled BATHRYDUDIU.
   943 | D:1      | 943 ||| READING scroll labelled PAEQYVUDUG.
   944 | D:1      | 944 ||| READING scroll labelled LEOMA ESEO.
  1036 | D:2      | 1036 ||| Stepping ~*~*~tactically~*~*~ (stealth).
  1047 | D:2      | Reached XP level 3. HP: 23/23 MP: 3/3
  1085 | D:2      | 1085 ||| Stepping ~*~*~tactically~*~*~ (stealth).
  1233 | D:2      | 1233 ||| Stepping ~*~*~tactically~*~*~ (hiding).
  1234 | D:2      | 1234 ||| Stepping ~*~*~tactically~*~*~ (hiding).
  1362 | D:2      | Noticed Jessica
  1363 | D:2      | 1363 ||| Stepping ~*~*~tactically~*~*~ (hiding).
  1376 | D:2      | 1376 ||| FLEEEEING.
  1384 | D:2      | 1384 ||| Stepping ~*~*~tactically~*~*~ (hiding).
  1389 | D:2      | Killed Jessica
  1390 | D:2      | Reached skill level 4 in Axes
  1390 | D:2      | Reached XP level 4. HP: 28/28 MP: 4/4
  1939 | D:2      | Found a runed translucent door.
  1940 | D:2      | Noticed Crazy Yiuf
  2058 | D:2      | 2058 ||| UPGRADING to +0 chain mail.
  2068 | D:2      | 2068 ||| DROPPING +0 scale mail.
  2069 | D:2      | 2069 ||| UPGRADING to +4 ring of protection.
  2070 | D:2      | 2070 ||| READING scroll labelled GUQETESADO.
  2071 | D:2      | 2071 ||| READING scroll labelled YQUROU ACAGIEN.
  2072 | D:2      | 2072 ||| READING scroll labelled REOM GEUWULIGUCW.
  2073 | D:2      | 2073 ||| DRINKING 2 puce potions.
  2074 | D:2      | 2074 ||| DROPPING potion of flight.
  2295 | D:3      | 2295 ||| Stepping ~*~*~tactically~*~*~ (stealth).
  2519 | D:3      | 2519 ||| READING scroll labelled TESYIR FEOT.
  2520 | D:3      | 2520 ||| DRINKING 2 yellow potions.
  2521 | D:3      | 2521 ||| DRINKING 2 fizzy yellow potions.
  2522 | D:3      | 2522 ||| DRINKING 2 orange potions.
  2522 | D:3      | Gained mutation: Your flesh is heat resistant. (rF+)
                  | [potion of mutation]
  2522 | D:3      | Gained mutation: You are clumsy. (Dex -2) [potion of
                  | mutation]
  2522 | D:3      | Gained mutation: You are frail. (-10% HP) [potion of
                  | mutation]
  2523 | D:3      | 2523 ||| DRINKING potion of mutation.
  2523 | D:3      | Lost mutation: Your flesh is heat resistant. (rF+) [potion
                  | of mutation]
  2523 | D:3      | Lost mutation: You are frail. (-10% HP) [potion of
                  | mutation]
  2523 | D:3      | Gained mutation: Your spells are a little easier to cast,
                  | but a little less powerful. [potion of mutation]
  2523 | D:3      | Gained mutation: You have sharp fingernails. [potion of
                  | mutation]
  2536 | D:3      | 2536 ||| DROPPING potion of invisibility.
  2584 | D:4      | 2584 ||| Stepping ~*~*~tactically~*~*~ (hiding).
  2595 | D:4      | 2595 ||| Stepping ~*~*~tactically~*~*~ (stealth).
  2599 | D:4      | Reached XP level 5. HP: 32/32 MP: 5/5
  2603 | D:4      | 2603 ||| DROPPING +0 club.
  2633 | D:4      | 2633 ||| Stepping ~*~*~tactically~*~*~ (stealth).
  2637 | D:4      | 2637 ||| Stepping ~*~*~tactically~*~*~ (stealth).
  2701 | D:4      | Reached skill level 5 in Axes
  2854 | D:4      | Reached XP level 6. HP: 38/38 MP: 6/6
  2986 | D:4      | 2986 ||| UPGRADING to +1 hat.
  2986 | D:4      | HP: 5/38 [gnoll/+0 flail (6)]
  2986 | D:4      | HP: 1/38 [gnoll/+0 club (4)]
  2987 | D:4      | Slain by a gnoll

Levels and vault maps discovered:
D:1:      minmay_arrival_three_doors, layout_loops_ring, serial_shops,
          nicolae_shop_hallway_stairs, minmay_pentomino_w2
D:2:      layout_loops_ring, minmay_lizard_king, uniq_jessica,
          uniq_crazy_yiuf_cottage
D:3:      layout_rooms, dk_vineyard_2
D:4:      layout_loops_cross, nrook_loot_triangle

Skill      XL: |  1  2  3  4  5 |
---------------+----------------+-----
Axes           | 2 3 4 5 |  5.2
Fighting       | 4 |  4.2
Armour         | |  3.2
Shields        | |  3.2

Action                     |  1- 3 |  4- 6 || total
---------------------------+-------+-------++-------
  Melee: War axe           |   111 |    77 ||   188
    Use: Scroll            |     3 |     4 ||     7
         Potion            |       |     5 ||     5
 Armour: Scale mail        |    57 |    14 ||    71
         Chain mail        |       |    66 ||    66
  Dodge: Dodged            |    37 |    31 ||    68
  Block: Buckler           |    19 |    16 ||    35

Table legend:
 A = Non-vault XP
 B = Vault XP
 C = Vault XP percentage of total XP
 D = Non-vault monster count
 E = Vault monster count
 F = Vault count percentage of total count
                 A         B        C        D         E       F
            +---------+---------+-------+---------+---------+-------
      Total |     311 |      45 |  12.6 |      56 |       8 |  12.5
            +---------+---------+-------+---------+---------+-------
        D:1 |      31 |       2 |   6.1 |      17 |       1 |   5.6
        D:2 |      59 |      43 |  42.2 |      17 |       7 |  29.2
        D:3 |      21 |       0 |   0.0 |       7 |       0 |   0.0
        D:4 |     200 |       0 |   0.0 |      15 |       0 |   0.0
            +---------+---------+-------+---------+---------+-------
